 Dungeon Crawl Stone Soup version 0.28.0-53-g5a82cb258f (webtiles) character file.

Game seed: 10251468023141684454

19 DildoBatman the Conjurer (level 2, 0/19 HPs)
             Began as a Formicid Conjurer on May 23, 2022.
             Slain by a quokka (1 damage)
             ... on level 1 of the Dungeon.
             The game lasted 00:01:39 (451 turns).

DildoBatman the Conjurer (Formicid Conjurer)         Turns: 451, Time: 00:01:39

Health: 0/19       AC:  2    Str: 11    XL:     2   Next: 95%
Magic:  0/5        EV: 12    Int: 17    God:
Gold:   8          SH:  0    Dex:  9    Spells: 2/5 levels left

rFire   . . .      SeeInvis +   f - +0 mace
rCold   . . .      Faith    .   (no shield)
rNeg    . . .      Spirit   .   a - +0 robe
rPois   .          Reflect  .   (helmet unavailable)
rElec   .          Harm     .   (no cloak)
rCorr   .          Rampage  .   (no gloves)
Will    .....                   (no boots)
Stlth   ++........              (no amulet)
HPRegen 0.06/turn               (no ring)
MPRegen 0.09/turn               (no ring)

@: no status effects
A: permanent stasis, dig shafts and tunnels, antennae 3, four strong arms
a: Dig, Shaft Self


You were on level 1 of the Dungeon.
You visited 1 branch of the dungeon, and saw 1 of its levels.

You collected 8 gold pieces.

Inventory:

Hand Weapons
 f - a +0 mace (weapon)
Missiles
 d - 21 stones
 g - 24 sling bullets
Armour
 a - a +0 robe (worn)
Scrolls
 b - a scroll of fear {unknown}
 c - a scroll of magic mapping {unknown}
 e - a scroll of teleportation {unknown}
Potions
 h - a potion of magic {unknown}


   Skills:
 - Level 1.7 Dodging
 - Level 2.4 Stealth
 - Level 2.1 Spellcasting
 * Level 4.3 Conjurations


You had 2 spell levels left.
You knew the following spells:

 Your Spells              Type           Power      Damage    Failure   Level
a - Searing Ray           Conj           32%        2d5       4%          2
c - Magic Dart            Conj           64%        1d6       3%          1

Your spell library contained the following spells:

 Spells                   Type           Power      Damage    Failure   Level
 Slow                     Hex            4%         N/A       19%         1
 Dazzling Flash           Conj/Hex       18%        N/A       24%         3
 Confusing Touch          Hex            1%         N/A       50%         3
 Vampiric Draining        Necr           1%         2d6       50%         3
 Fulminant Prism          Conj/Hex       4%         3d6       61%         4
 Iskenderun's Mystic Bla  Conj/Tloc      9%         2d4       61%         4


Dungeon Overview and Level Annotations

Branches:
Dungeon (1/15)

Altars:


Innate Abilities, Weirdness & Mutations

You cannot be hasted, slowed, berserked, paralysed or teleported.
You can dig through walls and to a lower floor.
You have a pair of large antennae on your head. (SInv)
Your four strong arms can wield two-handed weapons with a shield.


Message History

You kill the quokka!
The giant cockroach waves its antennae.
A kobold comes into view. It is wielding a +0 whip.
A quokka comes into view.
The giant cockroach waves its antennae.
The giant cockroach bites you but does no damage.
Casting: Magic Dart (safe; 3% risk of failure)
Confirm with . or Enter, or press ? or * to list all spells.
Aiming: Searing Ray (safe; 4% risk of failure)
Press: ? - help, Shift-Dir - straight line, f - goblin
Aim: a goblin, wielding a +0 club (72% to hit)
The searing ray hits the giant cockroach!
You kill the giant cockroach!
The searing ray hits the giant cockroach.
The giant cockroach is severely wounded.
The searing ray hits the goblin.
You kill the goblin! (Press . to maintain the ray.)
The giant cockroach bites you.
You barely miss the giant cockroach.
The giant cockroach is severely wounded.
The giant cockroach bites you.
You closely miss the giant cockroach.
The giant cockroach is severely wounded.
The giant cockroach bites you but does no damage. x2
You closely miss the giant cockroach.
The giant cockroach is severely wounded.
The giant cockroach closely misses you. The giant cockroach misses you.
The giant cockroach misses you.
Casting: Searing Ray (safe; 4% risk of failure)
Confirm with . or Enter, or press ? or * to list all spells.
Aiming: Magic Dart (safe; 3% risk of failure)
Press: ? - help, Shift-Dir - straight line, f - giant cockroach
Aim: a giant cockroach (severely wounded, 100% to hit)
The magic dart hits the giant cockroach.
You kill the giant cockroach!
The quokka closely misses you. The quokka bites you.
You die...

...##.#...##.....................
........#####....................
............##≈≈#+...............
.....##.....#....#[...#.÷........
......#.....≈....≈..#.#..........
..†...#.....≈.⌠<.≈....#..........
..)####.....≈....≈..####.########
...####.....#.............#######
##.##.###≈≈###≈≈@######.#..##....
#....§#....#...r.# ##)##...r.K.
#.###§≈....≈.....# #K.#####....
#.##..≈..⌠.≈...K.# #.## #....
#.....≈....§...÷.# #.# #####
#..##.#....#.....####.#
##.##.+#≈≈##.......K..#
#.##......#####..##..#
...#.....)....#.####.###


You could see a quokka and a kobold.

Vanquished Creatures
  A dart slug (D:1)
  A bat (D:1)
  2 endoplasms (D:1)
  3 giant cockroaches (D:1)
  A goblin (D:1)
  A hobgoblin (D:1)
  2 quokkas (D:1)
  A kobold (D:1)
  3 rats (D:1)
15 creatures vanquished.

Notes
Turn   | Place    | Note
-------+----------+-------------------------------------------
     0 | D:1      | DildoBatman the Formicid Conjurer began the quest for the
                  | Orb.
     0 | D:1      | Reached XP level 1. HP: 13/13 MP: 3/3
   183 | D:1      | Reached skill level 4 in Conjurations
   183 | D:1      | Reached XP level 2. HP: 13/19 MP: 0/5
   186 | D:1      | Learned a level 2 spell: Searing Ray
   451 | D:1      | Slain by a quokka

Illustrated notes

Levels and vault maps discovered:
D:1:      dpeg_arrival_rooms_with_view, layout_rooms,
          chequers_ecumenical_altar_lobes, minmay_ruptured

Skill      XL: |  1 |
---------------+----+-----
Conjurations   | 4 |  4.3
Dodging        | |  1.7
Stealth        | |  2.4
Spellcasting   | |  2.1

Action                   || total
-------------------------++-------
Melee: Unarmed           ||     2
       Mace              ||    15
 Cast: Magic Dart        ||    22
       Searing Ray       ||     1
 Abil: Dig               ||     1
 Stab: Sleeping          ||     1
Armor: Robe              ||     6
Dodge: Dodged            ||    16
